 Dungeon Crawl Stone Soup version 0.25-a0-737-g26c3a87c45 (webtiles) character file.

Game seed: 9177254577887261157, levelgen mode: deterministic

184 Esekla the Slasher (level 5, 0/41 HPs)
             Began as a Barachi Warper on Apr 11, 2020.
             Killed from afar by an orc wizard (2 damage)
             ... with a magic dart
             ... on level 3 of the Dungeon.
             The game lasted 00:27:27 (4094 turns).

Esekla the Slasher (Barachi Warper)                 Turns: 4094, Time: 00:27:27

Health: 0/41       AC:  7    Str: 12    XL:     5   Next: 64%
Magic:  9/9        EV: 11    Int: 14    God:
Gold:   139        SH:  0    Dex: 12    Spells: 6/10 levels left

rFire    . . .     SeeInvis .   a - +0 falchion
rCold    . . .     Gourm    .   (no shield)
rNeg     . . .     Faith    .   k - +0 ring mail (curse)
rPois    .         Spirit   .   x - +0 helmet
rElec    .         Reflect  .   (no cloak)
rCorr    .         Harm     .   (no gloves)
MR       .....                  y - +0 pair of boots
Stlth    ++........             (no amulet)
HPRegen  0.13/turn              s - ring of stealth
MPRegen  0.11/turn              (no ring)

@: can't hop, slow
A: +LOS, swims, slowness 1, strong legs 1
a: Hop


You were on level 3 of the Dungeon.
You were not hungry.

You visited 1 branch of the dungeon, and saw 4 of its levels.

You collected 139 gold pieces.

Inventory:

Hand Weapons
 a - a +0 falchion (weapon)
 w - a +1 dagger of venom
Missiles
 e - 5 boomerangs of dispersal
 o - 5 javelins (quivered)
 q - 30 poisoned darts
Armour
 b - a +0 leather armour
 k - a cursed +0 ring mail (worn)
 x - a +0 helmet (worn)
 y - a +0 pair of boots (worn)
Jewellery
 p - an uncursed amulet of faith
 s - a ring of stealth (left hand)
Wands
 z - a wand of acid (7)
Scrolls
 d - 2 scrolls of blinking
 g - a scroll of fog {unknown}
 h - a scroll of amnesia {unknown}
 i - a scroll of enchant armour {unknown}
 m - a scroll of identify
 n - a scroll of immolation {unknown}
 u - 2 scrolls of teleportation {unknown}
Potions
 c - a potion of curing {unknown}
 j - a potion of berserk rage {unknown}
 r - a potion of stabbing {unknown}
 t - a potion of magic {unknown}
 v - 2 potions of brilliance {unknown}
 A - a potion of might {unknown}
Comestibles
 f - 3 rations


   Skills:
 * Level 3.5 Fighting
 * Level 4.3 Long Blades
 + Level 1.0 Throwing
 + Level 2.7 Armour
 + Level 2.7 Dodging
 * Level 3.0 Spellcasting
 * Level 1.4 Charms
 + Level 3.3 Translocations


You had 6 spell levels left.
You knew the following spells:

 Your Spells              Type           Power        Failure   Level  Hunger
a - Shroud of Golubria    Chrm/Tloc      #.....       26%         2    ##.....
b - Blink                 Tloc           N/A          19%         2    ##.....

Your spell library contained the following spells:

 Spells                   Type           Power        Failure   Level  Hunger
 Gell's Gravitas          Tloc           ##........   34%         3    ###....
 Lesser Beckoning         Tloc           ##........   34%         3    ###....
 Teleport Other           Tloc           ##......     34%         3    ###....
 Passage of Golubria      Tloc           N/A          75%         4    #####..


Dungeon Overview and Level Annotations

Branches:
Dungeon (4/15)
 Temple: D:4-7

Altars:


Innate Abilities, Weirdness & Mutations

You can be seen from farther away. (+LOS)
You can swim through water.
You cover ground slowly.
You can hop short distances.


Message History

There is a stone staircase leading down here.
Okay, then.
You feel less confused. Something hits you but does no damage.
Deactivating autopickup; reactivate with Ctrl-A.
Items here: )))) ÷ † Something hits you but does no damage.
There is an open door here.
You closely miss something.
You hear some strange, mumbled words.
A puff of flame appears from out of thin air!
The puff of flame hits you!
* * * LOW HITPOINT WARNING * * *
Hop to where?
Press: ? - help, Dir - move target cursor Boing!
There is a stone staircase leading up here.
A magic dart appears from out of thin air!
The magic dart hits you.
You die...

#.........# ### #.........#
#..
#.........################.#
#...........................
#......>....................
#.........###...##########'#
#.........# #.#.# #....
#.........###.#.# #....
#######)###@#.#.# #....
###'###.#.#.##### #....
#)...(....#...o.# ###.#
#.......#######.######.#
#.......'...# #....#...#
#.......###.######.#.###
#.......#............###
#............#####......
#............# #######


There were no monsters in sight!

Vanquished Creatures
  An orc priest (D:3)
  A worker ant (D:2)
  4 adders (D:3)
  An ooze (D:1)
  3 worms (D:2)
  2 leopard geckos (D:3)
  12 orcs
  6 bats
  A giant cockroach (D:2)
  7 goblins
  9 hobgoblins
  5 kobolds
  10 frilled lizards
  9 rats
71 creatures vanquished.

Notes
Turn   | Place    | Note
-------+----------+-------------------------------------------
     0 | D:1      | Esekla the Barachi Warper began the quest for the Orb.
     0 | D:1      | Reached XP level 1. HP: 17/17 MP: 3/3
    57 | D:1      | Reached XP level 2. HP: 22/23 MP: 3/5
    63 | D:1      | Learned a level 2 spell: Shroud of Golubria
    66 | D:1      | Learned a level 2 spell: Blink
   101 | D:1      | Reached XP level 3. HP: 2/29 MP: 4/7
  1511 | D:2      | Reached skill level 3 in Long Blades
  1511 | D:2      | Reached XP level 4. HP: 15/35 MP: 6/8
  2558 | D:3      | Reached skill level 4 in Long Blades
  2942 | D:3      | Reached XP level 5. HP: 29/41 MP: 6/9
  2956 | D:3      | Reached skill level 1 in Charms
  4089 | D:3      | HP: 1/41 [something/puff of flame (9)]
  4094 | D:3      | Killed from afar by an orc wizard

Levels and vault maps discovered:
D:1:      dpeg_arrival_tiny_a, layout_loops_ring, serial_rivers,
          chequers_serial_rivers_room_a, chequers_serial_rivers_room_b,
          chequers_serial_rivers_large_b, chequers_serial_rivers_micro_d,
          chequers_serial_rivers_micro_a, chequers_serial_rivers_small_3,
          st_stairs_14, chequers_serial_rivers_small_a, minmay_lizard_pond
D:2:      layout_basic
D:3:      layout_basic, first_ration
D:4:      layout_basic, grunt_temple_overflow_order_and_chaos_2,
          yredelemnul_forgotten_temple_becter, overflow_temple_1_default,
          kennysheep_cluttered_room, minivault_25

Skill      XL: |  1  2  3  4  5 |
---------------+----------------+-----
Fighting       | 3 |  3.5
Long Blades    | 3 4 |  4.3
Charms         | 1 |  1.4
Armour         | 2 |  2.7
Spellcasting   | 3 |  3.0
Throwing       | |  1.0
Dodging        | |  2.7
Translocations | |  3.3

Action                   |  1- 3 |  4- 6 || total
-------------------------+-------+-------++-------
Melee: Falchion          |   119 |   191 ||   310
Throw: Javelin           |       |    10 ||    10
 Cast: Shroud of Golubri |     4 |    12 ||    16
 Abil: Hop               |     1 |     2 ||     3
  Use: Scroll            |       |     2 ||     2
       Potion            |       |     1 ||     1
 Stab: Distracted        |       |     1 ||     1
       Sleeping          |       |     1 ||     1
  Eat: Chunk             |     2 |     8 ||    10
       Ration            |       |     1 ||     1
Armor: Leather armour    |    32 |       ||    32
       Ring mail         |     2 |    71 ||    73
Dodge: Dodged            |    98 |   136 ||   234
       Rpst.: Falchion   |    25 |    40 ||    65

Table legend:
 A = Non-vault XP
 B = Vault XP
 C = Vault XP percentage of total XP
 D = Non-vault monster count
 E = Vault monster count
 F = Vault count percentage of total count
                 A         B        C        D         E       F
            +---------+---------+-------+---------+---------+-------
      Total |     257 |       7 |   2.7 |      64 |       7 |   9.9
            +---------+---------+-------+---------+---------+-------
        D:1 |      33 |       7 |  17.5 |      18 |       7 |  28.0
        D:2 |      69 |       0 |   0.0 |      14 |       0 |   0.0
        D:3 |     155 |       0 |   0.0 |      32 |       0 |   0.0
            +---------+---------+-------+---------+---------+-------
